 Dungeon Crawl Stone Soup version 0.31.0-9-g3a7656b989 (webtiles) character file.

Game seed: 14337378997442837276

22 qw the Shooter (level 2, 0/16 HPs)
             Began as a Deep Elf Hunter on Feb 3, 2024.
             Succumbed to their own poison gas
             ... on level 1 of the Dungeon.
             The game lasted 00:00:12 (560 turns).

qw the Shooter (Deep Elf Hunter)                     Turns: 560, Time: 00:00:13

Health: 0/16       AC:  5    Str:  8    XL:     2   Next: 68%
Magic:  4/4        EV: 12    Int: 13    God:
Gold:   53         SH:  0    Dex: 18    Spells: 1/1 levels left

rFire   + . .        a - +0 shortbow
rCold   . . .        (shield currently unavailable)
rNeg    . . .        i - +1 leather armour {rF+}
rPois   .            (no helmet)
rElec   .            h - +0 cloak
rCorr   .            (no gloves)
SInv    .            (no boots)
Will    .....        (no amulet)
Stlth   +            (no ring)
HPRegen 0.22/turn    (no ring)
MPRegen 0.09/turn

%: no passive effects
@: lethally poisoned (0 -> -7), very slow
A: no striking features
a: no special abilities


You were on level 1 of the Dungeon.
You visited 1 branch of the dungeon, and saw 1 of its levels.

You collected 53 gold pieces.


   Skills:
 - Level 1.5 Fighting
 + Level 6.4 Ranged Weapons
 - Level 2.4 Dodging
 - Level 1.2 Stealth


You had one spell level left.
You didn't know any spells.
Your spell library was empty.

Inventory:

Hand Weapons
 a - a +0 shortbow (weapon)
Armour
 h - a +0 cloak (worn)
 i - a +1 leather armour of fire resistance (worn)
Potions
 f - a potion of heal wounds {unknown}
 m - a potion of haste {unknown}

Dungeon Overview and Level Annotations

Branches:
Dungeon (1/15)

Altars:


Message History

As you read the scroll labelled VUOCWA TEXUEXKA, it crumbles to dust.
It is a scroll of identify.
553 ||| IDENTIFYING grey potion;
d - a potion of degeneration Done exploring.
554 ||| READING scroll labelled QOAT WAXYSSUFO.
As you read the scroll labelled QOAT WAXYSSUFO, it crumbles to dust.
You assume a fearsome visage.
Nothing appears to happen.
It was a scroll of fear.
Done exploring.
555 ||| DROPPING scroll of butterflies.
You drop a scroll of butterflies.
You hear a splash.
Done exploring.
556 ||| DROPPING potion of degeneration.
You drop a potion of degeneration.
You hear a splash.
Done exploring.
What level of the Dungeon? (default 1, ? - help) Sorry, I don't know how to get there.
Enter note:
Enter note:
Enter note:
Enter note:
Enter note:
Enter note:
Enter note:
Enter note:
Enter note:
Enter note:
Enter note:
Enter note: You are engulfed in poison gas.
You are lethally poisoned!
You feel extremely sick.
558 ||| Stepping ~*~*~tactically~*~*~ (cloud).
You feel very sick.
Things that are here:
a potion of degeneration; a scroll of butterflies
There is a lethal amount of poison in your body!
You feel sick.
There is a lethal amount of poison in your body!
You die...

.#.# #.# ##.#.##### .#.#
#.# #000¤...0#
...#####.####0#¤###¤####
.####....¤000¤000¤¤PP00#
.........¤0¤¤0P000¤0¤¤P##
.####....¤0000¤000¤¤0¤¤.#
....#....0¤¤P0¤¤0000¤00P#
.##.#....¤00¤0¤0¤¤¤0007.#
###.#.......7¤00@¤0¤¤07.#
# #.#.....000P¤¤¤¤¤0¤0¤.#
#.#....0¤¤0#P#0P0¤P¤0##
#.####.##0###.¤000¤0##
### #.##.....#######
#.######## #.# #.# #.#


There were no monsters in sight!

Vanquished Creatures
  A dart slug (D:1)
  2 endoplasms (D:1)
  A giant cockroach (D:1)
  2 goblins (D:1)
  A hobgoblin (D:1)
  A quokka (D:1)
  3 ball pythons (D:1)
  A frilled lizard (D:1)
  4 kobolds (D:1)
  4 rats (D:1)
20 creatures vanquished.

Notes
Turn   | Place    | Note
-------+----------+-------------------------------------------
     0 | D:1      | qw the Deep Elf Hunter began the quest for the Orb.
     0 | D:1      | Reached XP level 1. HP: 12/12 MP: 3/3
     0 | D:1      | 0 ||| qw: Version: 0.3-a-155-g5e7d8dd
     0 | D:1      | 0 ||| qw: Game counter: 2891
     0 | D:1      | 0 ||| qw: Melee chars always use a shield: true
     0 | D:1      | 0 ||| qw: God list: Okawaru
     0 | D:1      | 0 ||| qw: Allow faded altars: false
     0 | D:1      | 0 ||| qw: Do Orc after clearing Dungeon:15 true
     0 | D:1      | 0 ||| qw: Do second Lair branch before Depths: true
     0 | D:1      | 0 ||| qw: Lair rune preference: random
     0 | D:1      | 0 ||| qw: Goals: Normal
     0 | D:1      | 0 ||| PLANNING D:1-11
   134 | D:1      | Reached XP level 2. HP: 16/16 MP: 4/4
   135 | D:1      | Reached skill level 6 in Ranged Weapons
   532 | D:1      | 532 ||| UPGRADING to +0 cloak.
   537 | D:1      | 537 ||| UPGRADING to +1 leather armour of fire resistance.
   547 | D:1      | 547 ||| DROPPING +0 leather armour.
   548 | D:1      | 548 ||| READING scroll labelled LAIHOZA UHOVOWI.
   551 | D:1      | 551 ||| READING scroll labelled DUESTRU QADAR.
   552 | D:1      | 552 ||| READING scroll labelled FOWIDGH OSHE.
   553 | D:1      | 553 ||| READING scroll labelled VUOCWA TEXUEXKA.
   553 | D:1      | 553 ||| IDENTIFYING grey potion
   554 | D:1      | 554 ||| READING scroll labelled QOAT WAXYSSUFO.
   555 | D:1      | 555 ||| DROPPING scroll of butterflies.
   556 | D:1      | 556 ||| DROPPING potion of degeneration.
   558 | D:1      | 558 ||| Stepping ~*~*~tactically~*~*~ (cloud).
   558 | D:1      | HP: 4/16 [poisoned by you (poison gas)]
   560 | D:1      | Succumbed to their own poison gas

Levels and vault maps discovered:
D:1:      tekkud_arrival_beachfront_property, layout_basic, serial_bayou_pond_b

Skill      XL: |  1  2 |
---------------+-------+-----
Ranged Weapons | 6 |  6.4
Fighting       | |  1.5
Dodging        | |  2.4
Stealth        | |  1.2

Action                     || total
---------------------------++-------
   Fire: Shortbow          ||    40
    Use: Scroll            ||     5
 Armour: Leather armour    ||     5
  Dodge: Dodged            ||     9

Table legend:
 A = Non-vault XP
 B = Vault XP
 C = Vault XP percentage of total XP
 D = Non-vault monster count
 E = Vault monster count
 F = Vault count percentage of total count
                 A         B        C        D         E       F
            +---------+---------+-------+---------+---------+-------
      Total |      24 |       8 |  25.0 |      16 |       4 |  20.0
            +---------+---------+-------+---------+---------+-------
        D:1 |      24 |       8 |  25.0 |      16 |       4 |  20.0
            +---------+---------+-------+---------+---------+-------
